[Event "Titled Tuesday Blitz January 17 Early 2023"]
[White "Bethke, Richard"]
[Black "Winkels, Marcel"]
[WhiteFideId "12959243"]
[BlackFideId "1003887"]
[WhiteElo "2382"]
[BlackElo "1960"]
[Result "1-0"]
[Round "01"]
[TimeControl "180+2"]
[Date "2023.01.17"]
[WhiteClock "0:00:14"]
[BlackClock "0:00:01"]

1. e4 c5 2. Nf3 d6 3. d4 cxd4 4. Nxd4 Nf6 5. Nc3 a6 6. Be3 e5 7. Nf3 h6 8. Bc4 Be7 9. O-O O-O 10. Qe2 Be6 11. Bb3 b5 12. Rfd1 Nbd7 13. Nh4 Bxb3 14. axb3 Re8 15. Nf5 b4 16. Nd5 Bf8 17. Nxb4 Nxe4 18. Bxh6 Ndf6 19. Be3 a5 20. Nd5 Nxd5 21. Rxd5 Qc8 22. Ng3 f5 23. Nxe4 fxe4 24. Rdxa5 Rxa5 25. Rxa5 Qc6 26. Qc4+ Qxc4 27. bxc4 Rb8 28. b3 Rc8 29. Kf1 Kf7 30. Ke2 Ke6 31. h4 g6 32. g4 Be7 33. h5 gxh5 34. gxh5 Rh8 35. h6 Bf8 36. Ra8 Bg7 37. Rxh8 Bxh8 38. b4 Bf6 39. c5 d5 40. c6 d4 41. Bc1 Kd6 42. b5 Kc7 43. Ba3 Kb6 44. Bf8 Kxb5 45. c7 1-0


[Site "https://www.chess.com"]

[Event "Titled Tuesday Blitz January 17 Early 2023"]
[White "Sailer, Mike"]
[Black "Belov, Alexei"]
[WhiteFideId "2012901"]
[BlackFideId "4128206"]
[WhiteElo "2109"]
[BlackElo "2421"]
[Result "0-1"]
[Round "01"]
[TimeControl "180+2"]
[Date "2023.01.17"]
[WhiteClock "0:00:01"]
[BlackClock "0:00:14"]

1. d4 d5 2. Nf3 Nf6 3. Bf4 e6 4. e3 Nbd7 5. c4 Be7 6. Be2 O-O 7. O-O dxc4 8. Na3 a6 9. Nxc4 b5 10. Nce5 Bb7 11. Rc1 c5 12. dxc5 Nxc5 13. Nd4 Rc8 14. b4 Nce4 15. Nec6 Qe8 16. Nxe7+ Qxe7 17. a3 Nc3 18. Qd2 Nxe2+ 19. Nxe2 Rfd8 20. Qb2 Nd5 21. Be5 f6 22. Bd4 e5 23. Bc5 Qe6 24. e4 Nb6 25. Bxb6 Qxb6 26. Nc3 Rc4 27. Rfd1 Bxe4 28. Nxe4 Rxe4 29. h3 Red4 30. Rxd4 exd4 31. Rc5 Qd6 32. Qb3+ Kh8 33. Qd3 h6 34. Kh1 Qe6 35. f3 Kg8 36. Rc7 Rd7 37. Rxd7 Qxd7 38. Kg1 Qd5 39. Kf2 Qa2+ 40. Kg3 Qc4 41. Qf5 Qc7+ 42. Kf2 Qd8 43. Ke2 Qe7+ 44. Kd2 Qe3+ 45. Kd1 d3 46. Qc8+ Kf7 47. Qd7+ Kg6 48. Qg4+ Qg5 49. Qe4+ Qf5 50. Qe8+ Kh7 51. Qe3 Qd5 52. Kd2 Qa2+ 53. Kxd3 Qxa3+ 54. Kd2 Qxb4+ 55. Ke2 Qb2+ 56. Kf1 Qb1+ 57. Kf2 a5 58. f4 a4 59. Qg3 Qc2+ 60. Kg1 b4 61. Qg4 f5 62. Qf3 a3 0-1


[Site "https://www.chess.com"]

[Event "Titled Tuesday Blitz January 17 Early 2023"]
[White "Hirneise, Jens"]
[Black "Adithya A Chullikkad"]
[WhiteFideId "24614734"]
[BlackFideId "45078734"]
[WhiteElo "2277"]
[BlackElo "2259"]
[Result "1-0"]
[Round "01"]
[TimeControl "180+2"]
[Date "2023.01.17"]
[WhiteClock "0:02:16"]
[BlackClock "0:02:06"]

1. d4 d5 2. Nf3 e6 3. e3 Nf6 4. Be2 Be7 5. O-O O-O 6. Nbd2 b6 7. b3 Ba6 8. c4 c5 9. Bb2 Nbd7 10. Rc1 Rc8 11. cxd5 Bxe2 12. Qxe2 Nxd5 13. e4 Nf4 14. Qe3 Bg5 15. Nxg5 Qxg5 16. g3 Nh3+ 17. Kg2 Qxe3 18. fxe3 Ng5 19. h4 cxd4 20. exd4 1-0


[Site "https://www.chess.com"]

[Event "Titled Tuesday Blitz January 17 Early 2023"]
[White "Larina, Maria"]
[Black "Al-Tarboush, Ward"]
[WhiteFideId "24113182"]
[BlackFideId "7601450"]
[WhiteElo "1948"]
[BlackElo "2256"]
[Result "0-1"]
[Round "01"]
[TimeControl "180+2"]
[Date "2023.01.17"]
[WhiteClock "0:00:03"]
[BlackClock "0:01:13"]

1. e4 c5 2. Nc3 Nc6 3. g3 g6 4. Bg2 Bg7 5. d3 e6 6. Be3 b6 7. Nge2 Nge7 8. O-O O-O 9. Qd2 d5 10. Bh6 d4 11. Bxg7 Kxg7 12. Nd1 e5 13. f4 f6 14. h3 Bb7 15. g4 Qd6 16. Ng3 b5 17. f5 c4 18. g5 Rf7 19. gxf6+ Rxf6 20. Qg5 Kh8 21. fxg6 Rxg6 22. Qh4 Rag8 23. Rf3 Rh6 24. Nh5 Qg6 25. Rg3 Rxh5 26. Rxg6 Rxh4 27. Rxg8+ Kxg8 28. Nf2 Ng6 29. Ng4 Nf4 30. Kh2 Bc8 31. dxc4 Bxg4 0-1


[Site "https://www.chess.com"]

[Event "Titled Tuesday Blitz January 17 Early 2023"]
[White "Bryan, Jarod"]
[Black "Garakov, Mikhael"]
[WhiteFideId "2009617"]
[BlackFideId "4169034"]
[WhiteElo "2167"]
[BlackElo "2447"]
[Result "0-1"]
[Round "01"]
[TimeControl "180+2"]
[Date "2023.01.17"]
[WhiteClock "0:00:58"]
[BlackClock "0:01:33"]

1. e4 c5 2. Nf3 e6 3. b4 cxb4 4. d4 Nf6 5. Bd3 b6 6. Qe2 Bb7 7. Nbd2 Be7 8. a3 Nc6 9. O-O a5 10. d5 exd5 11. e5 Ne4 12. Nxe4 dxe4 13. Qxe4 Qc7 14. Qg4 Nxe5 15. Nxe5 Qxe5 16. Bf4 Qe6 17. Qxg7 O-O-O 18. Qd4 Bf6 0-1


[Site "https://www.chess.com"]

[Event "Titled Tuesday Blitz January 17 Early 2023"]
[White "Salman, Pavel"]
[Black "Liimatainen, Jero"]
[WhiteFideId "24153753"]
[BlackFideId "509531"]
[WhiteElo "2287"]
[BlackElo "1948"]
[Result "1-0"]
[Round "01"]
[TimeControl "180+2"]
[Date "2023.01.17"]
[WhiteClock "0:01:41"]
[BlackClock "0:00:16"]

1. Nf3 c5 2. g3 g6 3. Bg2 Bg7 4. O-O Nc6 5. d3 d6 6. c3 e5 7. a4 Nge7 8. Nbd2 O-O 9. e4 Rb8 10. Re1 a6 11. Nf1 b5 12. axb5 axb5 13. Be3 b4 14. d4 bxc3 15. bxc3 cxd4 16. cxd4 Bg4 17. d5 Nd4 18. Bxd4 exd4 19. Qd3 Qb6 20. Reb1 Qc5 21. Rc1 Qb4 22. Rab1 Qa4 23. N1d2 Bxf3 24. Nxf3 Rxb1 25. Rxb1 f5 26. Ng5 fxe4 27. Bxe4 Qa2 28. Rf1 Rc8 29. Qf3 Re8 30. Qf7+ 1-0


[Site "https://www.chess.com"]

[Event "Titled Tuesday Blitz January 17 Early 2023"]
[White "Kiseleva, Arina"]
[Black "Padmini, Rout"]
[WhiteFideId "4164989"]
[BlackFideId "5029295"]
[WhiteElo "1962"]
[BlackElo "2375"]
[Result "1/2-1/2"]
[Round "01"]
[TimeControl "180+2"]
[Date "2023.01.17"]
[WhiteClock "0:00:10"]
[BlackClock "0:00:11"]

1. d4 Nf6 2. Nf3 g6 3. c4 d5 4. cxd5 Nxd5 5. e4 Nb6 6. Nc3 Bg7 7. h3 O-O 8. Be3 c6 9. Be2 N8d7 10. O-O e5 11. Qd2 exd4 12. Bxd4 Qe7 13. Bxg7 Kxg7 14. b3 Nc5 15. e5 Rd8 16. Qe3 Nd5 17. Nxd5 Rxd5 18. Rfd1 Be6 19. Ng5 Rxd1+ 20. Rxd1 h6 21. Nxe6+ Nxe6 22. a4 a5 23. Bc4 Rd8 24. Rxd8 Qxd8 25. Bxe6 fxe6 26. f4 Qd1+ 27. Kh2 Qf1 28. Kg3 h5 29. Qd2 Kh6 30. f5+ g5 31. fxe6 Kg6 32. h4 gxh4+ 33. Kxh4 Qh1+ 34. Kg3 Kf5 35. Qf4+ Kxe6 36. Qf6+ Kd5 37. Qd6+ Ke4 38. e6 Qe1+ 39. Kh2 Qh4+ 40. Kg1 Qe1+ 41. Kh2 Qh4+ 42. Kg1 Qe1+ 43. Kh2 1/2-1/2


[Site "https://www.chess.com"]

[Event "Titled Tuesday Blitz January 17 Early 2023"]
[White "Fiorito, Francisco"]
[Black "Flis, Pawel"]
[WhiteFideId "180165"]
[BlackFideId "1112864"]
[WhiteElo "2305"]
[BlackElo "1879"]
[Result "1-0"]
[Round "01"]
[TimeControl "180+2"]
[Date "2023.01.17"]
[WhiteClock "0:00:07"]
[BlackClock "0:00:01"]

1. d4 Nf6 2. Nf3 c5 3. d5 b5 4. c4 g6 5. cxb5 a6 6. bxa6 Bg7 7. Nc3 O-O 8. g3 Bxa6 9. e4 Bxf1 10. Kxf1 d6 11. Kg2 Nbd7 12. Qe2 Qa5 13. h4 h5 14. Bf4 Qa6 15. Qd2 Ng4 16. Rhe1 Rfb8 17. Bg5 Kf8 18. Rab1 Qc4 19. Rbc1 Nge5 20. Nxe5 Nxe5 21. Red1 Qb4 22. b3 Ng4 23. f3 Ne5 24. Ne2 Qxd2 25. Rxd2 Ra3 26. Be3 Rba8 27. Rcc2 c4 28. Nd4 cxb3 29. Nxb3 Nd7 30. Kf2 f5 31. Bd4 Bxd4+ 32. Nxd4 fxe4 33. fxe4 Nc5 34. Re2 Nd3+ 35. Kg2 Ne5 36. Ne6+ Kg8 37. Rf2 Ng4 38. Nf4 Ne3+ 39. Kh3 Nxc2 40. Rxc2 Kf7 41. Rf2 Kg8 42. Nxg6 Rxa2 43. Nxe7+ Kg7 44. Rxa2 Rxa2 45. Nf5+ Kf6 46. Nxd6 Ke5 47. Nf7+ Kxe4 48. d6 Rd2 49. g4 hxg4+ 50. Kxg4 1-0


[Site "https://www.chess.com"]

[Event "Titled Tuesday Blitz January 17 Early 2023"]
[White "Aung Thant Zin"]
[Black "ArchibaldCerveza29"]
[WhiteFideId "13000063"]
[WhiteElo "2268"]
[BlackElo "2547"]
[Result "0-1"]
[Round "01"]
[TimeControl "180+2"]
[Date "2023.01.17"]
[WhiteClock "0:00:08"]
[BlackClock "0:00:16"]

1. e4 e5 2. Nf3 Nc6 3. d4 exd4 4. Nxd4 Bc5 5. Nb3 Bb6 6. a4 a5 7. Be2 Nf6 8. Nc3 d6 9. Bg5 h6 10. Bh4 Be6 11. O-O O-O 12. Kh1 Bxb3 13. cxb3 Bd4 14. f4 Qe8 15. e5 Bxc3 16. exf6 Bxf6 17. Bxf6 gxf6 18. Bd3 f5 19. Re1 Qd8 20. Qh5 Qf6 21. Bxf5 Rae8 22. h3 Nd4 23. Bd3 Qxf4 24. Rf1 Qg5 25. Qd1 Re3 26. Bc4 c5 27. Rf2 d5 28. Bb5 f5 29. Bf1 f4 30. Rc1 b6 31. Rc3 Nf5 32. Rf3 Ng3+ 33. Kg1 Rfe8 34. Qd2 Re1 35. Qf2 Rxf1+ 36. Qxf1 Nxf1 37. Kxf1 d4 38. Rcd3 Re3 39. Rdxe3 fxe3 40. Ke2 Qxg2+ 41. Kd3 Qxf3 0-1


[Site "https://www.chess.com"]

[Event "Titled Tuesday Blitz January 17 Early 2023"]
[White "Schekachikhin, Maksim"]
[Black "Chilukuri, Sai Varshith"]
[WhiteFideId "24177830"]
[BlackFideId "25617125"]
[WhiteElo "2371"]
[BlackElo "1943"]
[Result "1-0"]
[Round "01"]
[TimeControl "180+2"]
[Date "2023.01.17"]
[WhiteClock "0:02:21"]
[BlackClock "0:02:49"]

1. Nf3 Nf6 2. c4 c5 3. Nc3 Nc6 4. g3 g6 5. d4 Bg7 6. d5 Nb4 7. Bg2 O-O 8. O-O e6 9. a3 Na6 10. e4 exd5 11. e5 Ne4 12. Nxd5 d6 13. Re1 f5 14. exf6 Nxf6 15. Bg5 h6 16. Nxf6+ Bxf6 17. Bxh6 1-0


[Site "https://www.chess.com"]

[Event "Titled Tuesday Blitz January 17 Early 2023"]
[White "Necula, Iulian"]
[Black "Turzo, Attila"]
[WhiteFideId "1232380"]
[BlackFideId "704954"]
[WhiteElo "1851"]
[BlackElo "2279"]
[Result "0-1"]
[Round "01"]
[TimeControl "180+2"]
[Date "2023.01.17"]
[WhiteClock "0:00:01"]
[BlackClock "0:00:16"]

1. d4 Nf6 2. Nc3 d5 3. Bf4 a6 4. e3 Bf5 5. Bd3 Bg6 6. h4 e6 7. f3 c5 8. g4 Nc6 9. h5 Bxd3 10. cxd3 cxd4 11. exd4 Nxd4 12. Qa4+ Nc6 13. Nge2 Qb6 14. Qb3 Qxb3 15. axb3 Nb4 16. Kd2 Rc8 17. Rac1 Kd7 18. Na4 Rxc1 19. Rxc1 Bd6 20. Nb6+ Ke7 21. Be3 Nc6 22. d4 h6 23. Nc3 Nd7 24. Nxd7 Kxd7 25. Na4 f6 26. Nb6+ Kc7 27. Na4 b5 28. Nc5 Bxc5 29. Rxc5 Kd6 30. f4 f5 31. gxf5 exf5 32. Bf2 Nd8 33. Rc8 Nf7 34. Rc1 Nd8 35. Ra1 Nc6 36. Rxa6 g6 37. hxg6 Rg8 38. Rb6 b4 39. Ra6 Rxg6 40. Ra1 Rg2 41. Ke3 Rh2 42. Rg1 Nd8 43. Rg6+ Ne6 44. Kf3 Rh3+ 45. Kg2 Rxb3 46. Rxh6 Rxb2 47. Kf1 b3 48. Be1 Rc2 49. Bb4+ Kd7 50. Ba3 Ra2 51. Rh7+ Kc6 52. Ra7 Nxd4 0-1


[Site "https://www.chess.com"]

[Event "Titled Tuesday Blitz January 17 Early 2023"]
[White "Krienke, Makaio"]
[Black "Rodrigues, Leonardo De Miranda"]
[WhiteFideId "2038854"]
[BlackFideId "2108658"]
[WhiteElo "2115"]
[BlackElo "2112"]
[Result "0-1"]
[Round "01"]
[TimeControl "180+2"]
[Date "2023.01.17"]
[WhiteClock "0:00:17"]
[BlackClock "0:00:22"]

1. e4 c5 2. Nf3 Nc6 3. d4 cxd4 4. Nxd4 Nf6 5. Nc3 d6 6. f3 g6 7. Be3 Bg7 8. Qd2 O-O 9. g4 d5 10. g5 Ne8 11. exd5 Ne5 12. O-O-O Nd6 13. Bf4 Qa5 14. Nb3 Qb4 15. Qe3 Nec4 16. Bxc4 Nxc4 17. Qc5 a5 18. a3 Nxa3 19. bxa3 Qxc3 20. Qxc3 Bxc3 21. Rd3 Bg7 22. Re1 Bf5 23. Rc3 Bxc3 24. Rxe7 Rfc8 25. d6 a4 26. Nd2 Bxd2+ 27. Kxd2 Rxc2+ 28. Kd1 Rc3 29. d7 Rd3+ 30. Ke2 Rxd7 31. Re5 Rc8 32. Kf2 Rd3 33. Kg3 Rxa3 34. h4 Rd3 35. h5 a3 36. hxg6 hxg6 37. Re2 b5 38. Be5 Re8 39. Kf4 Rb3 40. Rd2 Rb4+ 41. Bd4 Rd8 42. Ke3 Rdxd4 43. Rxd4 Rxd4 44. Kxd4 a2 0-1


[Site "https://www.chess.com"]

[Event "Titled Tuesday Blitz January 17 Early 2023"]
[White "Bagwe Gaurang"]
[Black "Better_Chess_Faster"]
[WhiteFideId "45039895"]
[WhiteElo "2067"]
[BlackElo "2030"]
[Result "1-0"]
[Round "01"]
[TimeControl "180+2"]
[Date "2023.01.17"]
[WhiteClock "0:02:09"]
[BlackClock "0:02:08"]

1. e4 e5 2. Nf3 Nc6 3. Bb5 a6 4. Bxc6 dxc6 5. O-O Bd6 6. d4 exd4 7. Qxd4 f6 8. Re1 Ne7 9. e5 fxe5 10. Nxe5 Bxe5 11. Qxe5 Qd6 12. Qxd6 cxd6 13. Bg5 O-O 14. Bxe7 Re8 15. Nc3 d5 16. Bc5 Bf5 17. Rxe8+ Rxe8 18. Rc1 Kf7 19. f3 b5 20. Kf2 a5 21. Ne2 a4 22. Nd4 Rc8 23. Re1 Bd7 24. Re7+ 1-0


[Site "https://www.chess.com"]

[Event "Titled Tuesday Blitz January 17 Early 2023"]
[White "Tharushi, T H D Niklesha"]
[Black "Jimenez Almeida, Luis David"]
[WhiteFideId "9918264"]
[BlackFideId "22242244"]
[WhiteElo "1570"]
[BlackElo "2242"]
[Result "1-0"]
[Round "01"]
[TimeControl "180+2"]
[Date "2023.01.17"]
[WhiteClock "0:00:17"]
[BlackClock "0:00:20"]

1. e4 c6 2. d4 g6 3. c4 Bg7 4. Nc3 d6 5. Be3 Nf6 6. f3 h5 7. Qd2 a5 8. Bd3 Na6 9. a3 e5 10. d5 Nc5 11. Bc2 O-O 12. Nge2 cxd5 13. cxd5 Bd7 14. O-O Kh7 15. b4 axb4 16. axb4 Na6 17. Na4 Bxa4 18. Rxa4 Qc7 19. Bd3 Rfc8 20. Rfa1 Rab8 21. Bxa6 bxa6 22. Rxa6 Qc4 23. Rb6 Rxb6 24. Bxb6 Bh6 25. Qb2 Rb8 26. Ba5 Qd3 27. Rb1 h4 28. Bc7 Qe3+ 29. Kh1 Rb5 30. Bxd6 h3 31. Bxe5 Nh5 32. Ng3 Nf4 33. Bxf4 Bxf4 34. Qe2 hxg2+ 35. Kxg2 Qd4 36. Qxb5 Qd2+ 37. Qe2 Qd4 38. b5 Bd6 39. b6 Bb8 40. b7 Qe5 41. Qb2 Qf4 42. Qc1 Qe5 43. Qc8 Qf4 44. Qxb8 Qxb8 45. Ne2 Kg7 46. Nd4 Qd8 47. b8=Q Qg5+ 48. Qg3 Qd2+ 49. Qf2 Qd3 50. Rb3 Qc4 51. Qe2 Qxd4 52. Qb2 1-0


[Site "https://www.chess.com"]

[Event "Titled Tuesday Blitz January 17 Early 2023"]
[White "surrenderPLS"]
[Black "Baruch, Liam"]
[BlackFideId "14322064"]
[WhiteElo "2491"]
[BlackElo "1718"]
[Result "1-0"]
[Round "01"]
[TimeControl "180+2"]
[Date "2023.01.17"]
[WhiteClock "0:00:40"]
[BlackClock "0:02:02"]

1. e4 e5 2. Nf3 Nc6 3. d4 exd4 4. Nxd4 Bc5 5. Be3 Qf6 6. c3 Nge7 7. Nc2 Bb6 8. Nd2 O-O 9. Bd3 Ne5 10. Be2 d5 11. f4 Bxe3 12. Nxe3 N5g6 13. f5 Nf4 14. O-O Nxe2+ 15. Qxe2 dxe4 16. Nxe4 Qb6 17. f6 Nf5 18. fxg7 Re8 19. Qf2 Be6 20. Nf6+ Kxg7 21. Nxe8+ Rxe8 22. Nxf5+ Bxf5 23. Qxb6 axb6 24. Rxf5 1-0


[Site "https://www.chess.com"]

[Event "Titled Tuesday Blitz January 17 Early 2023"]
[White "Bazarov, Konstantin"]
[Black "Mohammadian, Mohammad"]
[WhiteFideId "4137000"]
[BlackFideId "12566055"]
[WhiteElo "2235"]
[BlackElo "1398"]
[Result "1-0"]
[Round "01"]
[TimeControl "180+2"]
[Date "2023.01.17"]
[WhiteClock "0:01:55"]
[BlackClock "0:00:03"]

1. d4 Nf6 2. c4 g6 3. Nc3 d5 4. Bg5 c6 5. Bxf6 exf6 6. cxd5 cxd5 7. Qb3 Nc6 8. e3 Bb4 9. Ne2 O-O 10. a3 Ba5 11. g3 Rb8 12. Bg2 Be6 13. O-O Bb6 14. Bxd5 Qd7 15. Nf4 Na5 16. Bxe6 Nxb3 17. Bxd7 Nxa1 18. Rxa1 Rbd8 19. Nfd5 Rxd7 20. Nxf6+ Kg7 21. Nxd7 Rc8 22. Nxb6 axb6 23. e4 Rc4 24. Rd1 Kf8 25. Kf1 Ke7 26. Ke2 Ke6 27. Kd3 Rc8 28. f4 f6 29. d5+ Kd6 30. Kd4 h5 31. e5+ fxe5+ 32. fxe5+ Ke7 33. d6+ Ke6 34. Rf1 Rc5 35. Rf6+ Kd7 36. Rf7+ Ke6 37. Re7+ Kf5 38. d7 Rxe5 39. Rxe5+ 1-0


[Site "https://www.chess.com"]

[Event "Titled Tuesday Blitz January 17 Early 2023"]
[White "Volkov, Maksim"]
[Black "Nakamura, Hikaru"]
[WhiteFideId "54123070"]
[BlackFideId "2016192"]
[WhiteElo "2258"]
[BlackElo "2775"]
[Result "0-1"]
[Round "02"]
[TimeControl "180+2"]
[Date "2023.01.17"]
[WhiteClock "0:00:01"]
[BlackClock "0:00:05"]

1. d4 g6 2. c4 Bg7 3. Nf3 d6 4. Nc3 Nf6 5. g3 O-O 6. Bg2 Nc6 7. O-O Bg4 8. h3 Bxf3 9. Bxf3 Nd7 10. e3 e5 11. d5 Ne7 12. h4 f5 13. e4 f4 14. Bg4 Kh8 15. Ne2 Nf6 16. Bf3 Qd7 17. Kg2 fxg3 18. fxg3 Rf7 19. Ng1 Raf8 20. Qe2 h6 21. Be3 c6 22. Nh3 a6 23. Nf2 b5 24. b3 Qb7 25. Ng4 Nfg8 26. Nh2 Nf6 27. Ng4 Neg8 28. Nxf6 Nxf6 29. Rac1 c5 30. b4 cxb4 31. c5 dxc5 32. Bxc5 Re8 33. Bxb4 Bf8 34. Bxf8 Rexf8 35. Qe3 Kh7 36. Rc6 a5 37. Qe2 h5 38. Qe3 Qa7 39. Qxa7 Rxa7 40. Rfc1 Rff7 41. Rb6 b4 42. Rcc6 Kg7 43. Ra6 Rxa6 44. Rxa6 Rc7 45. Rxa5 Rc2+ 46. Kf1 Ne8 47. Rb5 Rxa2 48. Rxb4 Ra6 49. Kf2 Nd6 50. Be2 Ra3 51. Bf3 Kf6 52. Rb6 Ra2+ 53. Ke3 Ke7 54. Rc6 Kd7 55. Be2 Ra3+ 56. Bd3 Ra1 57. Kf2 Ra2+ 58. Ke3 Ra3 59. Ke2 Ra7 60. Ra6 Rxa6 61. Bxa6 Nxe4 62. Bd3 Nxg3+ 63. Kf3 Nf5 64. Ke4 Kd6 65. Bb5 Nxh4 66. Be8 Ng2 67. Bxg6 h4 68. Bf5 Nf4 69. Kf3 Nxd5 70. Be4 Nf6 71. Bf5 Ng8 72. Kg2 Nh6 73. Bc8 e4 74. Kh3 e3 75. Ba6 Nf5 76. Bd3 Ke5 77. Kg2 Kf4 78. Bc2 Nd4 79. Bd3 e2 0-1


[Site "https://www.chess.com"]

[Event "Titled Tuesday Blitz January 17 Early 2023"]
[White "Dubov, Daniil"]
[Black "Gauri, Shankar"]
[WhiteFideId "24126055"]
[BlackFideId "5041350"]
[WhiteElo "2708"]
[BlackElo "2360"]
[Result "1/2-1/2"]
[Round "02"]
[TimeControl "180+2"]
[Date "2023.01.17"]
[WhiteClock "0:00:04"]
[BlackClock "0:00:11"]

1. d4 Nf6 2. Nf3 e6 3. Bg5 h6 4. Bxf6 Qxf6 5. e4 d5 6. Nbd2 Qd8 7. Bd3 Be7 8. O-O dxe4 9. Nxe4 Nd7 10. Qe2 O-O 11. Rad1 b6 12. Rfe1 Bb7 13. Ba6 Qc8 14. Bxb7 Qxb7 15. Rd3 Nf6 16. Ne5 Nxe4 17. Qxe4 Qxe4 18. Rxe4 Bd6 19. Nc6 a5 20. a4 Rae8 21. Rde3 Ra8 22. Kf1 g6 23. Ke2 Kg7 24. h3 h5 25. Kd3 Rh8 26. h4 Kf8 27. Kc4 Ke8 28. d5 Kd7 29. Ne5+ Bxe5 30. Rxe5 exd5+ 31. Rxd5+ Kc6 32. Rf3 f5 33. Rg3 Rhg8 34. Re5 Rad8 35. Re6+ Rd6 36. Rge3 Rd8 37. Rxd6+ Rxd6 38. Kc3 Kd5 39. Re7 c5 40. f3 Kc6 41. g3 Kd5 42. Rg7 Re6 43. Kd3 Kd6 44. Kc4 Kc6 45. c3 Rd6 46. Re7 Rf6 47. Re8 Rd6 48. Rc8+ Kb7 49. Rg8 Kc6 50. Rf8 Re6 51. Rd8 Kc7 52. Rg8 Kc6 53. Rg7 Rd6 54. Re7 Rf6 55. Re2 Rd6 56. Re5 Rf6 57. Re1 Rd6 58. Re2 Rf6 59. b4 cxb4 60. cxb4 axb4 61. Kxb4 Rd6 62. Re7 Rd4+ 63. Kc3 Rxa4 64. Re6+ Kc5 65. Rxg6 Ra3+ 66. Kd2 Rxf3 67. Ke2 Ra3 68. Rg5 Kd4 69. Kf2 Ke4 70. Rxh5 Ra2+ 71. Ke1 Ra1+ 72. Kd2 Ra2+ 73. Ke1 Ra1+ 74. Ke2 Ra2+ 75. Kd1 Ra1+ 76. Kc2 Ra2+ 77. Kb3 Rg2 78. Rg5 b5 79. Kb4 Rb2+ 80. Kc3 Rb1 81. h5 Rh1 82. Kb4 f4 83. gxf4 Kxf4 84. Rxb5 Kg4 85. Ka5 Rxh5 86. Rxh5 Kxh5 1/2-1/2


[Site "https://www.chess.com"]

[Event "Titled Tuesday Blitz January 17 Early 2023"]
[White "Csonka, Balazs"]
[Black "Naroditsky, Daniel"]
[WhiteFideId "742910"]
[BlackFideId "2026961"]
[WhiteElo "2496"]
[BlackElo "2618"]
[Result "0-1"]
[Round "02"]
[TimeControl "180+2"]
[Date "2023.01.17"]
[WhiteClock "0:00:04"]
[BlackClock "0:00:08"]

1. d4 Nf6 2. c4 g6 3. Nc3 Bg7 4. e4 d6 5. Be2 O-O 6. Nf3 e5 7. dxe5 dxe5 8. Qxd8 Rxd8 9. Bg5 Re8 10. Nd5 Nxd5 11. cxd5 c6 12. Bc4 cxd5 13. Bxd5 Nd7 14. Nd2 Nc5 15. Be3 Nd3+ 16. Ke2 Nb4 17. Bb3 Bd7 18. Rhc1 Nc6 19. Bd5 Bf8 20. a3 Rac8 21. Rc3 Nd4+ 22. Bxd4 exd4 23. Rxc8 Rxc8 24. Kd3 Bb5+ 25. Bc4 Bc6 26. f4 Bc5 27. Rc1 Bb6 28. b4 Kf8 29. Rc2 Ba4 30. Bb3 Bb5+ 31. Bc4 Bd7 32. Bd5 Rb8 33. Nf3 Bb5+ 34. Bc4 Ba4 35. Rc1 Rd8 36. Bd5 Bb5+ 37. Bc4 Be8 38. Bd5 f5 39. Bxb7 Bb5+ 40. Kd2 a5 41. exf5 axb4 42. axb4 gxf5 43. Bc6 Ba6 44. b5 Bc8 45. Kd3 Be6 46. Ng5 Bg8 47. Re1 Rd6 48. Re8+ Kg7 49. Rb8 Bc5 50. Nf3 Ba2 51. Rb7+ Kf6 52. Ng5 Bb1+ 53. Kd2 d3 54. Nxh7+ Kg6 55. Be8+ Kh6 56. Ng5 Bb4+ 57. Ke3 Re6+ 58. Kf3 Rxe8 0-1


[Site "https://www.chess.com"]

[Event "Titled Tuesday Blitz January 17 Early 2023"]
[White "Andreikin, Dmitry"]
[Black "Lewtak, Damian"]
[WhiteFideId "4158814"]
[BlackFideId "1141724"]
[WhiteElo "2729"]
[BlackElo "2381"]
[Result "1-0"]
[Round "02"]
[TimeControl "180+2"]
[Date "2023.01.17"]
[WhiteClock "0:02:20"]
[BlackClock "0:01:10"]

1. c4 g6 2. Nc3 Bg7 3. d4 e6 4. Bf4 Ne7 5. Nf3 d5 6. cxd5 exd5 7. e3 O-O 8. Be2 h6 9. O-O g5 10. Be5 f6 11. Bg3 Nf5 12. b4 a5 13. b5 Nxg3 14. hxg3 g4 15. Nh4 f5 16. Rc1 c6 17. Ng6 Re8 18. Qc2 Qf6 19. Nf4 Nd7 20. Na4 cxb5 21. Bxb5 1-0


[Site "https://www.chess.com"]

[Event "Titled Tuesday Blitz January 17 Early 2023"]
[White "Subelj, Jan"]
[Black "Artemiev, Vladislav"]
[WhiteFideId "14618583"]
[BlackFideId "24101605"]
[WhiteElo "2513"]
[BlackElo "2701"]
[Result "0-1"]
[Round "02"]
[TimeControl "180+2"]
[Date "2023.01.17"]
[WhiteClock "0:00:04"]
[BlackClock "0:00:07"]

1. e4 c5 2. Nf3 d6 3. Bb5+ Bd7 4. c4 Nc6 5. O-O g6 6. d4 cxd4 7. Nxd4 Bg7 8. Be3 Nf6 9. f3 Nxd4 10. Bxd7+ Nxd7 11. Bxd4 Bxd4+ 12. Qxd4 Qb6 13. Qxb6 Nxb6 14. b3 g5 15. Nc3 Rc8 16. Kf2 Rg8 17. Ke3 Nd7 18. Rac1 f6 19. Rfd1 Kf7 20. Nb5 a6 21. Nd4 e6 22. Rc2 Ne5 23. Rcd2 Ke7 24. a4 Rgd8 25. g3 Rc5 26. f4 Nc6 27. Nxc6+ bxc6 28. Rd3 gxf4+ 29. gxf4 Rh5 30. R1d2 c5 31. Rg2 Kd7 32. Kd2 Kc6 33. Kc3 Rh4 34. Rf2 Rd7 35. Rg3 Rf7 36. Rg8 f5 37. e5 Rh3+ 38. Kc2 dxe5 39. fxe5 Re3 40. Rd2 Rxe5 41. Rc8+ Rc7 42. Rb8 Rd7 43. Rc8+ Rc7 44. Rb8 a5 45. Ra8 Kb6 46. Rd6+ Rc6 47. Rxc6+ Kxc6 48. Rxa5 Re2+ 49. Kd3 Rxh2 50. Ra6+ Kd7 51. Ra7+ Kd6 52. Rb7 Rh3+ 53. Kc2 f4 54. a5 f3 55. a6 Rh2+ 56. Kc3 Ra2 57. Rxh7 Ke5 58. Rf7 Ke4 59. a7 e5 60. b4 Ra3+ 61. Kb2 cxb4 62. c5 Kd5 63. Rc7 f2 64. Rf7 Rxa7 65. Rxf2 Kxc5 66. Rc2+ Kd4 67. Kb3 e4 68. Kxb4 Rb7+ 69. Ka5 e3 0-1


[Site "https://www.chess.com"]

[Event "Titled Tuesday Blitz January 17 Early 2023"]
[White "Martinez Alcantara, Jose Eduardo"]
[Black "Atakhan, Abtin"]
[WhiteFideId "3805662"]
[BlackFideId "22502203"]
[WhiteElo "2619"]
[BlackElo "2422"]
[Result "1-0"]
[Round "02"]
[TimeControl "180+2"]
[Date "2023.01.17"]
[WhiteClock "0:00:16"]
[BlackClock "0:00:10"]

1. e4 c5 2. Nf3 d6 3. c3 Nf6 4. h3 g6 5. Bd3 Bg7 6. Bc2 O-O 7. O-O Nc6 8. d4 cxd4 9. cxd4 d5 10. e5 Ne4 11. Nc3 Bf5 12. Re1 Nxc3 13. bxc3 Bxc2 14. Qxc2 Rc8 15. Bg5 h6 16. Bf4 Qd7 17. Qd2 Kh7 18. Rac1 e6 19. Nh2 Ne7 20. g4 g5 21. Bg3 Ng6 22. Nf3 Qe7 23. Qd3 Kg8 24. Kg2 Rc6 25. Rh1 Rfc8 26. h4 gxh4 27. Nxh4 Nxh4+ 28. Rxh4 Qa3 29. Rch1 Rxc3 30. Qd2 Rd3 31. Qf4 Rcc3 32. g5 Qxa2 33. R1h3 Rf3 34. Qg4 h5 35. Rxh5 Qe2 36. Qh4 Kf8 37. g6 fxg6 38. Rh8+ Kf7 39. Rh7 Rc1 40. Rxg7+ Kxg7 41. Qh8+ 1-0


[Site "https://www.chess.com"]

[Event "Titled Tuesday Blitz January 17 Early 2023"]
[White "Liyanage, Ranindu Dilshan"]
[Black "Duda, Jan-Krzysztof"]
[WhiteFideId "9915834"]
[BlackFideId "1170546"]
[WhiteElo "2342"]
[BlackElo "2724"]
[Result "1-0"]
[Round "02"]
[TimeControl "180+2"]
[Date "2023.01.17"]
[WhiteClock "0:00:06"]
[BlackClock "0:00:01"]

1. e4 c6 2. d4 d5 3. e5 Bf5 4. Nf3 e6 5. Be2 Be7 6. O-O Bg6 7. c3 a5 8. a4 Nd7 9. Na3 Nh6 10. Nc2 Nf5 11. Bf4 O-O 12. Ne3 Nxe3 13. fxe3 Rb8 14. Bd3 b5 15. Bxg6 fxg6 16. Qe2 b4 17. c4 Nb6 18. c5 Nd7 19. b3 Rf5 20. g4 Rf7 21. Bg3 g5 22. Rf2 Ra8 23. Raf1 Qe8 24. e4 Nb8 25. Qe3 h6 26. Qd3 Ra7 27. Qc2 Bd8 28. Qd3 Qd7 29. exd5 Qxd5 30. Qg6 Nd7 31. Nxg5 Bxg5 32. Rxf7 Qxd4+ 33. Kg2 Bf6 34. exf6 Nxf6 35. Qxg7# 1-0


[Site "https://www.chess.com"]